 Dungeon Crawl Stone Soup version 0.29-a0-341-g24ffce5b50 (webtiles) character file.

Game seed: 17855252785667366088

131 spaghetti the Sneak (level 4, 0/33 (36) HPs)
             Began as a Deep Dwarf Earth Elementalist on Apr 20, 2022.
             Slain by a necrophage (4 damage)
             ... on level 3 of the Dungeon.
             The game lasted 00:05:45 (1850 turns).

spaghetti the Sneak (Deep Dwarf Earth Elementalist) Turns: 1850, Time: 00:05:46

HP:   0/33 (36)     AC: 14    Str: 13      XL:     4   Next: 91%
MP:   15/15 (6)     EV:  3    Int: 15 (16) God:
Gold: 113           SH:  0    Dex: 11 (13) Spells: 3/6 levels left

rFire   . . .      SeeInvis .   a - +2 short sword (protect) {short}
rCold   . . .      Faith    .   (no shield)
rNeg    . . .      Spirit   .   o - +0 plate armour
rPois   .          Reflect  .   l - +1 helmet
rElec   .          Harm     .   (no cloak)
rCorr   .          Rampage  .   r - +0 pair of gloves
Will    .....                   (no boots)
Stlth   ..........              (no amulet)
HPRegen 0.00/turn               s - ring of magical power
MPRegen 0.14/turn               (no ring)

@: drained
A: damage resistance, heal wounds, sense surroundings 1, no regeneration
a: Heal Wounds


You were on level 3 of the Dungeon.
You visited 1 branch of the dungeon, and saw 3 of its levels.

You collected 113 gold pieces.


Innate Abilities, Weirdness & Mutations

You are resistant to damage.
You can heal yourself by infusing magical energy.
You passively map a small area around you.
You do not regenerate.


   Skills:
 + Level 2.5 Armour
 - Level 2.1 Dodging
 - Level 5.8 Stealth
 - Level 1.7 Spellcasting
 - Level 0.8 Transmutations
 - Level 4.0 Earth Magic


You had 3 spell levels left.
You knew the following spells:

 Your Spells              Type           Power      Damage    Failure   Level
a - Sandblast             Erth           26%        2d8       99%         1
b - Passwall              Tmut/Erth      6%         N/A       100%        2

Your spell library contained the following spells:

 Spells                   Type           Power      Damage    Failure   Level
 Gell's Gravitas          Tloc           1%         N/A       100%        3
 Lesser Beckoning         Tloc           1%         N/A       100%        3
 Stone Arrow              Conj/Erth      14%        3d7       100%        3
 Teleport Other           Tloc           1%         N/A       100%        3
 Petrify                  Tmut/Erth      8%         N/A       100%        4

Inventory:

Hand Weapons
 a - a +2 short sword of protection (weapon) {short}
   (You took it off a kobold on level 1 of the Dungeon)
 b - a +0 hunting sling {sling}
   (You found it on level 2 of the Dungeon)
 g - a +0 short sword {short}
   (You took it off a kobold on level 1 of the Dungeon)
Missiles
 e - 4 javelins {throwing}
 h - 13 poisoned darts {throwing}
 n - 27 stones (quivered) {throwing}
Armour
 l - a +1 helmet (worn)
   (You took it off Robin on level 2 of the Dungeon)
 o - a +0 plate armour (worn)
   (You found it on level 2 of the Dungeon)
 q - a +0 robe
 r - a +0 pair of gloves (worn)
   (You found it on level 2 of the Dungeon)
Jewellery
 f - a ring of positive energy
   (You found it on level 1 of the Dungeon)
 m - a ring of positive energy
   (You found it on level 3 of the Dungeon)
 s - a ring of magical power (left hand)
   (You found it on level 2 of the Dungeon)
Scrolls
 i - a scroll of teleportation {unknown}
 k - a scroll of immolation {unknown}
Potions
 c - 3 potions of magic

Dungeon Overview and Level Annotations

Branches:
Dungeon (3/15)

Altars:

Shops:
D:3

: ..#...# ##.##.# *
#.....# #..#.# , ,
, * ..#...# ##.#.#
.###### #...#######
, , .# ##........+
.# #..######* * .#
#..## * ,
.#############...##
..#............>@.#
#..######.#######n#
, , ..## * , l# .##
, ,.. * ,, .# ,
*,*(#.** .# *, ,,
.... .# * (#,##* ,
, ## *,, , , .( * *
, *


You could see a necrophage and a frilled lizard.


Message History

Press: ? - help, Q - select action, (/) - cycle Shift-Dir - straight line, f - hobgoblin
Aim: a hobgoblin (54% to hit)
You throw a stone {throwing}.
The stone {throwing} hits the hobgoblin but does no damage.
A necrophage comes into view.
Throw: 31 stones {throwing}
Press: ? - help, Q - select action, (/) - cycle Shift-Dir - straight line, f - necrophage
Aim: a necrophage (wandering, hasn't noticed you, 54% to hit)
You throw a stone {throwing}.
The stone {throwing} hits the necrophage.
A frilled lizard comes into view.
Throw: 30 stones {throwing}
Press: ? - help, Q - select action, (/) - cycle Shift-Dir - straight line, f/p - necrophage
Aim: a necrophage (lightly damaged, 54% to hit)
You throw a stone {throwing}. The frilled lizard hisses angrily.
The stone {throwing} hits the hobgoblin but does no damage.
Throw: 29 stones {throwing}
Press: ? - help, Q - select action, (/) - cycle Shift-Dir - straight line, f - frilled lizard
Aim: a frilled lizard (32% to hit)
You throw a stone {throwing}.
The stone {throwing} hits the frilled lizard but does no damage.
Throw: 28 stones {throwing}
Press: ? - help, Q - select action, (/) - cycle Shift-Dir - straight line, f - hobgoblin
Aim: a hobgoblin (54% to hit)
You throw a stone {throwing}.
The stone {throwing} hits the hobgoblin but does no damage.
You closely miss the hobgoblin.
The hobgoblin hits you but does no damage.
You hit the hobgoblin.
Your weapon exudes an aura of protection.
You kill the hobgoblin!
You hit the necrophage.
The necrophage hits you but does no damage.
You completely miss the necrophage. The necrophage barely misses you.
You barely miss the necrophage. Your punch misses the necrophage.
The necrophage hits you but does no damage. x2
You barely miss the necrophage. The necrophage hits you.
* * * LOW HITPOINT WARNING * * *
You feel drained. 😨 HP[-1]
You now have 35 max hp (-1).
You closely miss the necrophage. The necrophage hits you.
You feel drained.
You now have 34 max hp (-1).
You aren't carrying any items that you can evoke.
You barely miss the necrophage. The necrophage hits you.
* * * LOW HITPOINT WARNING * * *
😨 HP[-2]
You take 2 damage, and now have 10/34 hp.
You closely miss the necrophage. The necrophage hits you.
* * * LOW HITPOINT WARNING * * *
😨 HP[-1]
You take 1 damage, and now have 9/34 hp.
Okay, then.
This is a scroll of acquirement!
Something appears at your feet! The necrophage completely misses you.
Okay, then.
As you read the scroll labelled LORATHR MODWAOZO, it crumbles to dust.
It is a scroll of amnesia.
Really abort (and waste the scroll)?
Okay, then.
The necrophage hits you but does no damage.
You aren't carrying any items that you can evoke.
Okay, then.
You closely miss the necrophage.
The necrophage hits you but does no damage.
You closely miss the necrophage.
The necrophage hits you but does no damage.
You hit the necrophage.
Your weapon exudes an aura of protection.
The necrophage hits you but does no damage.
You hit the necrophage but do no damage.
The necrophage hits you.
* * * LOW HITPOINT WARNING * * *
You feel drained. 😱 HP[-1]
You now have 33 max hp (-1).
Unknown command.
You hit the necrophage but do no damage.
The necrophage hits you but does no damage.
You closely miss the necrophage. The necrophage barely misses you. x2
You hit the necrophage. You punch the necrophage.
The necrophage hits you but does no damage.
You barely miss the necrophage.
The necrophage hits you but does no damage.
You hit the necrophage.
The necrophage hits you but does no damage.
You barely miss the necrophage.
The necrophage hits you but does no damage.
You barely miss the necrophage. The necrophage hits you.
* * * LOW HITPOINT WARNING * * *
😱 HP[-4]
You take 4 damage, and now have 4/33 hp.
Okay, then.
You fail to use your ability.
The necrophage hits you but does no damage.
You fail to use your ability.
The necrophage hits you.
You die...

Skill      XL: |  1  2  3  4 |
---------------+-------------+-----
Stealth        | 3 4 5 |  5.8
Armour         | 2 |  2.5
Dodging        | |  2.1
Spellcasting   | |  1.7
Transmutations | |  0.8
Earth Magic    | |  4.0

Action                   |  1- 3 |  4- 6 || total
-------------------------+-------+-------++-------
Melee: Unarmed           |     4 |       ||     4
       Short sword       |    82 |    73 ||   155
       Punch             |       |     1 ||     1
 Fire: Hunting sling     |    11 |       ||    11
Throw: Stone             |       |    12 ||    12
 Cast: Sandblast         |    24 |       ||    24
  Use: Potion            |     5 |     1 ||     6
       Scroll            |       |     2 ||     2
Armor: Plate armour      |    94 |    57 ||   151
       Robe              |     3 |       ||     3
Dodge: Dodged            |    24 |     9 ||    33

Levels and vault maps discovered:
D:1:      amcnicky_arrival_abandoned_market, layout_loops_ring
D:2:      layout_rooms, cheibrodos_gnoll_hut, uniq_robin
D:3:      layout_basic, serial_shops, nicolae_shop_stone,
          minmay_misc_feat_tower, st_stairs_10, minmay_misc_feat_rows,
          minmay_quantized

Notes
Turn   | Place    | Note
-------+----------+-------------------------------------------
     0 | D:1      | spaghetti the Deep Dwarf Earth Elementalist began the quest
                  | for the Orb.
     0 | D:1      | Reached XP level 1. HP: 15/15 MP: 3/3
     0 | D:1      | magus.rc [v1.9.6]
   101 | D:1      | Reached skill level 3 in Stealth
   237 | D:1      | Reached XP level 2. HP: 19/22 MP: 2/4
   509 | D:1      | Learned a level 2 spell: Passwall
   532 | D:1      | Reached skill level 4 in Stealth
   903 | D:2      | You pick up a book of Displacement and begin reading...
   903 | D:2      | You add the spells Lesser Beckoning, Gell's Gravitas and
                  | Teleport Other to your library.
   959 | D:2      | Reached XP level 3. HP: 12/28 MP: 5/5
  1216 | D:2      | Reached skill level 5 in Stealth
  1280 | D:2      | Noticed Robin
  1305 | D:2      | Killed Robin
  1371 | D:2      | Reached XP level 4. HP: 20/36 MP: 6/6
  1509 | D:3      | Found Naocan's Book Shoppe.
  1523 | D:3      | Reached skill level 1 in Armour
  1526 | D:3      | Reached skill level 2 in Armour
  1822 | D:3      | Noticed a necrophage
  1836 | D:3      | Identified a scroll of acquirement
  1836 | D:3      | Acquired a +1 buckler of protection
  1841 | D:3      | HP: 8/34 [necrophage (1)]
  1848 | D:3      | HP: 4/33 [necrophage (4)]
  1850 | D:3      | Slain by a necrophage

Vanquished Creatures
  A hound (D:3)
  Robin (D:2)
  A gnoll (D:2)
  2 adders
  3 worms
  A dart slug (D:2)
  A ball python (D:1)
  4 endoplasms
  2 giant cockroaches (D:1)
  10 goblins (D:2)
  5 hobgoblins
  2 jackals (D:2)
  A quokka (D:3)
  2 bats
  3 frilled lizards
  4 kobolds (D:1)
  8 rats
51 creatures vanquished.

Table legend:
 A = Non-vault XP
 B = Vault XP
 C = Vault XP percentage of total XP
 D = Non-vault monster count
 E = Vault monster count
 F = Vault count percentage of total count
                 A         B        C        D         E       F
            +---------+---------+-------+---------+---------+-------
      Total |     130 |      58 |  30.9 |      35 |      16 |  31.4
            +---------+---------+-------+---------+---------+-------
        D:1 |      31 |       0 |   0.0 |      19 |       0 |   0.0
        D:2 |      31 |      56 |  64.4 |      10 |      15 |  60.0
        D:3 |      68 |       2 |   2.9 |       6 |       1 |  14.3
            +---------+---------+-------+---------+---------+-------

Illustrated notes

Table legend:
 A = Kills in this place as a percentage of kills in entire the game.
 B = Kills by you in this place as a percentage of kills by you in the entire game.
 C = Kills by friends in this place as a percentage of kills by friends in the entire game.
 D = Other kills in this place as a percentage of other kills in the entire game.
 E = Experience gained in this place as a percentage of experience gained in the entire game.
 F = Experience gained in this place divided by the number of levels of this place that you have seen.
                   A       B       C       D       E      F
               +-------+-------+-------+-------+-------+----------------------
         Total | 100.0 | 100.0 |   N/A |   N/A | 100.0 |  62.7
       Dungeon | 100.0 | 100.0 |   N/A |   N/A | 100.0 |  62.7
               +-------+-------+-------+-------+-------+----------------------

Table legend: (Time is in decaauts)
 A = Elapsed time spent in this place.
 B = Non-inter-level travel time spent in this place.
 C = Inter-level travel time spent in this place.
 D = Time resting spent in this place.
 E = Time spent auto-exploring this place.
 F = Levels seen in this place.
 G = Mean time per level.
                   A        B        C        D        E       F      G
               +--------+--------+--------+--------+--------+-----+--------+
         Total |   1878 |   1820 |     58 |      0 |   1362 |   3 |  626.0 |
       Dungeon |   1878 |   1820 |     58 |      0 |   1362 |   3 |  626.0 |
               +--------+--------+--------+--------+--------+-----+--------+

Top non-repeatable levels by time:
     D:1: 862 daAuts
     D:2: 660 daAuts
     D:3: 355 daAuts
